 Dungeon Crawl Stone Soup version 0.28-a0-1033-g1a2f33fa85 (webtiles) character file.

Game seed: 16807611510118166012

38794 siradein the Fighter (level 14, -2/140 (157) HPs)
             Began as an Ogre Fighter on Dec 7, 2021.
             Was a High Priest of Makhleb.
             Slain by a hell rat (12 damage)
             ... on level 3 of the Lair of Beasts.
             The game lasted 00:59:03 (19071 turns).

siradein the Fighter (Ogre Fighter)                Turns: 19071, Time: 00:59:05

HP:   -2/140 (157)  AC: 11    Str: 25    XL:     14   Next: 3%
MP:   21/21         EV: 11    Int:  9    God:    Makhleb [*****.]
Gold: 1638          SH: 17    Dex: 10    Spells: 13/13 levels left

rFire   . . .      SeeInvis .   J - +3 morningstar
rCold   . . .      Faith    +   W - +2 tower shield
rNeg    . . .      Spirit   .   P - +0 troll leather armour
rPois   +          Reflect  .   (helmet restricted)
rElec   .          Harm     .   V - +0 cloak {rCorr}
rCorr   +          Rampage  .   (gloves unavailable)
Will    +....                   (boots unavailable)
Stlth   +.........              e - amulet of faith
HPRegen 1.13/turn               h - +4 ring of protection
MPRegen 0.17/turn               c - ring of poison resistance

@: studying Fighting, heavily drained
A: large, unfitting armour, tough skin 1
a: Renounce Religion, Minor Destruction, Lesser Servant of Makhleb, Major
Destruction, Greater Servant of Makhleb


You were on level 3 of the Lair of Beasts.
You worshipped Makhleb.
Makhleb was extremely pleased with you.
You visited 3 branches of the dungeon, and saw 15 of its levels.
You also visited: Sewer, Ossuary, Bailey and Volcano.

You collected 1714 gold pieces.
You spent 76 gold pieces at shops.

Inventory:

Hand Weapons
 m - a +6 mace of protection
 J - a +3 morningstar (weapon)
Missiles
 f - 2 throwing nets
 o - 2 curare-tipped darts
 q - 4 atropa-tipped darts
 D - 5 datura-tipped darts
Armour
 P - a +0 troll leather armour (worn)
 V - a +0 cloak of preservation (worn)
 W - a +2 tower shield (worn)
Jewellery
 b - a +6 ring of intelligence
 c - a ring of poison resistance (right hand)
 e - an amulet of faith (around neck)
 h - a +4 ring of protection (left hand)
 s - a +4 ring of slaying
Wands
 a - a wand of acid (2)
 j - a wand of mindburst (12)
 F - a wand of flame (15)
 G - a wand of polymorph (17)
 I - a wand of paralysis (8)
 K - a wand of iceblast (26)
Scrolls
 i - a scroll of identify
 l - 2 scrolls of amnesia
 n - a scroll of silence {unknown}
 r - 12 scrolls of teleportation
 u - 2 scrolls of fog
 w - 2 scrolls of holy word
 y - 5 scrolls of blinking
 E - 3 scrolls of acquirement
 H - 2 scrolls of noise {unknown}
 N - 4 scrolls of fear
 O - 2 scrolls of enchant weapon {unknown}
 Q - 2 scrolls of immolation {unknown}
 T - a scroll of brand weapon {unknown}
Potions
 d - 2 potions of attraction
 g - 5 potions of flight
 k - a potion of invisibility
 p - 2 potions of berserk rage {unknown}
 t - 5 potions of mutation {unknown}
 v - 4 potions of heal wounds
 x - 5 potions of degeneration {unknown}
 A - a potion of magic {unknown}
 B - 8 potions of curing {unknown}
 C - a potion of resistance {unknown}
 L - 2 potions of cancellation {unknown}
 M - 4 potions of haste {unknown}
 R - 2 potions of might
 U - a potion of brilliance {unknown}
Miscellaneous
 z - a condenser vane
 S - a phantom mirror


   Skills:
 + Level 14.8 Fighting
 + Level 9.7 Maces & Flails
 + Level 5.6 Armour
 + Level 9.9 Dodging
 + Level 10.0 Shields
 + Level 9.7 Invocations
 + Level 4.7 Evocations


You had 13 spell levels left.
You didn't know any spells.
Your spell library contained the following spells:

 Spells                   Type           Power      Damage    Failure   Level
 Animate Skeleton         Necr           0%         N/A       80%         1
 Apportation              Tloc           0%         N/A       80%         1
 Beastly Appendage        Tmut           0%         N/A       80%         1
 Freeze                   Ice            0%         1d3       80%         1
 Magic Dart               Conj           0%         1d3       80%         1
 Sandblast                Erth           0%         2d4       80%         1
 Summon Small Mammal      Summ           0%         N/A       80%         1
 Ensorcelled Hibernation  Hex/Ice        0%         N/A       90%         2
 Passwall                 Tmut/Erth      0%         N/A       90%         2
 Searing Ray              Conj           0%         2d4       90%         2
 Frozen Ramparts          Ice            0%         1d2       99%         3
 Gell's Gravitas          Tloc           0%         N/A       99%         3
 Ignite Poison            Fire/Tmut/Pois 0%         N/A       99%         3
 Mephitic Cloud           Conj/Pois/Air  0%         N/A       99%         3
 Spider Form              Tmut/Pois      0%         N/A       99%         3
 Stone Arrow              Conj/Erth      0%         3d7       99%         3
 Teleport Other           Tloc           0%         N/A       99%         3
 Tukima's Dance           Hex            0%         N/A       99%         3
 Fulminant Prism          Conj/Hex       0%         3d6       100%        4
 Hailstorm                Conj/Ice       0%         3d3       100%        4
 Ice Form                 Ice/Tmut       0%         N/A       100%        4
 Leda's Liquefaction      Hex/Erth       0%         N/A       100%        4
 Passage of Golubria      Tloc           0%         N/A       100%        4
 Blade Hands              Tmut           0%         N/A       100%        5
 Fireball                 Conj/Fire      0%         3d3       100%        5
 Freezing Cloud           Conj/Ice/Air   0%         6-21      100%        5
 Irradiate                Conj/Tmut      0%         3d13      100%        5
 Lee's Rapid Deconstruct  Erth           0%         3d5*      100%        5
 Lightning Bolt           Conj/Air       0%         1d11      100%        5
 Yara's Violent Unravell  Hex/Tmut       0%         3d3       100%        5
 Dispersal                Tloc           0%         N/A       100%        6
 Statue Form              Tmut/Erth      0%         N/A       100%        6
 Dragon Form              Tmut           0%         N/A       100%        7
 Spellforged Servitor     Conj/Summ      0%         N/A       100%        7


Dungeon Overview and Level Annotations

Branches:
Dungeon (11/15)            Temple (1/1) D:5            Lair (3/6) D:10
    Orc (0/2) D:10          Sewer (visited)         Ossuary (visited)
 Bailey (visited)         Volcano (visited)
  Swamp: Lair:2-4    Shoals: Lair:2-4     Snake: Lair:2-4    Spider: Lair:2-4

Altars:
Ashenzari
Cheibriados
Dithmenos
Elyvilon
Fedhas
Gozag
Hepliaklqana
Kikubaaqudgha
Makhleb
Nemelex Xobeh
Okawaru
Qazlal
Ru
Sif Muna
Trog
Uskayaw
Vehumet
Wu Jian
Xom
Yredelemnul
Zin
The Shining One

Shops:
D:2 (   D:5 ?   D:8 *   D:11 (

Annotations:
D:4 2 transporters, hgbash's ghost, amateur TrFi
D:11 exclusion: obsidian statue


Innate Abilities, Weirdness & Mutations

You are too large for most types of armour.
You have tough skin. (AC +1)


Message History

You sock the hell rat!
The hell rat is almost dead.
You block the hell rat's attack. x4
The hell rat bites you but does no damage.
The hell rat bites you.
You completely miss the hell rat.
The hell rat is almost dead.
You block the hell rat's attack. x2; The hell rat misses you.
You puncture the hell rat!
You kill the hell rat!
Makhleb accepts your kill. You block the hell rat's attack.
The hell rat misses you. The hell rat bites you.
You feel drained.
You barely miss the komodo dragon. The hell rat misses you.
The komodo dragon barely misses you. The hell rat bites you.
You feel drained. The hell rat bites you!
You feel drained. You block the komodo dragon's attack.
You puncture the komodo dragon!
The komodo dragon is lightly wounded.
You block the hell rat's attack. The hell rat misses you.
The komodo dragon bites you!!
You closely miss the komodo dragon.
The komodo dragon is lightly wounded.
You block the hell rat's attack. The hell rat bites you!
You feel drained. The komodo dragon barely misses you.
You block the hell rat's attack. The hell rat closely misses you.
Unknown command.
You puncture the komodo dragon!
The komodo dragon is heavily wounded.
The hell rat bites you. The komodo dragon bites you!
* * * LOW HITPOINT WARNING * * *
You block the hell rat's attack.
Unknown command.
You puncture the hell rat!
The hell rat is severely wounded.
You block the hell rat's attack. The hell rat bites you!
* * * LOW HITPOINT WARNING * * *
The komodo dragon bites you!
* * * LOW HITPOINT WARNING * * *
The hell rat bites you!
You die...

###......#...#### #.....
##.......#.r.## #.....
##.......#...## *#.....
#........#.r.# #P.....
##...†...##...# ##.....
##......###....# #......
#......## #....# ##..... #......#
##.l### #..... #......# #.rr@#
#..... ## #....†.####.r## ###
###.....
.###......)##....####.####.......
(................................
.................................
.................................
.................................
.................................
..........#...#....####.#.##.....


You could see a komodo dragon and 3 hell rats.

Vanquished Creatures
  2 catoblepae
  A hydra (Lair:3)
  A two-headed ogre (D:8)
  2 death yaks (D:10)
  Urug (D:10)
  2 skeletal warriors (Volcano)
  2 orc knights (Bailey)
  4 anaconda skeletons (Volcano)
  A manticore (D:7)
  Maurice (D:8)
  5 black mambas
  4 elephants (Lair:2)
  Joseph (D:7)
  5 gargoyles
  6 cane toads
  A komodo dragon (Lair:2)
  An unseen horror (D:11)
  A kobold demonologist (D:10)
  A rime drake (Lair:2)
  3 trolls
  2 alligator skeletons (Volcano)
  Sigmund (D:5)
  3 flying skulls (Volcano)
  2 wraiths
  3 wyverns
  Eustachio (D:6)
  A shadow (D:11)
  2 basilisks (Lair:3)
  39 yaks
  2 steam dragons (D:8)
  An acid dragon (D:9)
  9 water moccasins
  3 sky beasts
  13 orc warriors
  A black bear (D:4)
  2 ice beasts
  4 necrophages
  3 ogres
  5 centaurs
  16 wolves
  A phantom (D:6)
  3 kobold brigands
  5 bullfrogs
  Blork the orc (D:6)
  A gnoll sergeant (D:5)
  3 scorpions
  A water moccasin zombie (D:6)
  10 wights
  6 killer bees
  3 troll skeletons (Volcano)
  A spriggan skeleton (Volcano)
  3 centaur zombies
  6 howler monkeys
  A bullfrog zombie (D:3)
  A jelly (D:7)
  7 orc priests
  Crazy Yiuf (D:4)
  2 gnoll shamans
  6 hounds
  2 bullfrog skeletons
  4 iguanas
  Natasha (twice) (D:2)
  8 orc wizards
  5 hell rats
  2 killer bee zombies
  A naga skeleton (Volcano)
  A hound skeleton (D:4)
  Robin (D:2)
  2 howler monkey zombies
  8 mummies (Ossuary)
  9 adders
  22 gnolls
  9 river rats
  A shadow imp (D:6)
  3 white imps
  5 ufetubi
  An adder skeleton (D:4)
  5 worms
  2 dart slugs (D:1)
  38 orcs
  7 ball pythons
  10 endoplasms
  9 giant cockroaches
  2 gnoll zombies (Ossuary)
  31 goblins
  19 hobgoblins
  2 jackals (Sewer)
  6 quokkas
  5 bats
  8 frilled lizards
  3 hobgoblin zombies (Ossuary)
  15 kobolds
  A kobold zombie (Ossuary)
  2 orc zombies (Ossuary)
  8 rats
479 creatures vanquished.

Vanquished Creatures (collateral kills)
  An orc warlord (Bailey)
  Erolcha (D:9)
  A death yak (D:10)
  Nergalle (D:10)
  A gargoyle (Volcano)
  An unseen horror (D:10)
  A hornet (D:10)
  8 yaks
  4 killer bees
  A centaur zombie (D:9)
  An orc priest (D:9)
  A gnoll shaman (D:9)
  An orc wizard (D:9)
  A gnoll (D:9)
  2 orcs
  A hobgoblin (Bailey)
27 creatures vanquished.

Vanquished Creatures (others)
  An orc (D:5)
  A kobold (D:8)
  7 fungi
  20 plants
29 creatures vanquished.

Grand Total: 535 creatures vanquished

Notes
Turn   | Place    | Note
-------+----------+-------------------------------------------
     0 | D:1      | siradein the Ogre Fighter began the quest for the Orb.
     0 | D:1      | Reached XP level 1. HP: 24/24 MP: 1/1
   160 | D:1      | HP: 1/24 [hobgoblin (1)]
   162 | D:1      | Reached XP level 2. HP: 1/32 MP: 2/2
   165 | D:1      | HP: 1/32 [bat (1)]
   176 | D:1      | HP: 1/32 [bat (1)]
   875 | D:1      | Reached XP level 3. HP: 33/40 MP: 3/3
  1456 | D:1      | Reached XP level 4. HP: 44/49 MP: 4/4
  1531 | D:2      | Found Fahubbee's Weapon Boutique.
  1549 | D:2      | Noticed Natasha
  1560 | D:2      | Killed Natasha
  1935 | D:2      | Noticed Robin
  1960 | D:2      | Reached skill level 5 in Fighting
  1962 | D:2      | Killed Robin
  1992 | D:1      | Reached XP level 5. HP: 10/57 MP: 5/5
  2643 | D:2      | Noticed Natasha
  2652 | D:2      | Killed Natasha
  3288 | D:3      | Found a faded altar of an unknown god.
  3350 | D:3      | Reached XP level 6. HP: 52/66 MP: 6/6
  3433 | D:3      | Found a glowing drain.
  3443 | Sewer    | Entered a sewer
  3510 | Sewer    | Noticed a water moccasin
  3516 | Sewer    | Killed a water moccasin
  3675 | D:3      | Reached skill level 6 in Fighting
  3899 | D:3      | Reached XP level 7. HP: 69/75 MP: 7/7
  4109 | D:4      | Found a transporter.
  4652 | D:4      | Found a transporter.
  4654 | D:4      | Noticed hgbash's ghost (amateur TrFi)
  4764 | D:4      | Found a runed translucent door.
  4765 | D:4      | Noticed Crazy Yiuf
  5131 | D:4      | Killed Crazy Yiuf
  5132 | D:4      | Reached skill level 7 in Fighting
  5132 | D:4      | Reached XP level 8. HP: 61/87 MP: 8/8
  5175 | D:5      | Entered Level 5 of the Dungeon
  5587 | D:5      | Reached skill level 5 in Dodging
  5615 | D:5      | Reached skill level 5 in Shields
  6025 | D:5      | Reached skill level 5 in Maces & Flails
  6029 | D:5      | Found a staircase to the Ecumenical Temple.
  6073 | Temple   | Entered the Ecumenical Temple
  6381 | Temple   | Became a worshipper of Makhleb the Destroyer
  6437 | D:5      | Found Qeinev's Magic Scroll Boutique.
  6444 | D:5      | Reached skill level 8 in Fighting
  6482 | D:5      | Reached skill level 1 in Invocations
  6534 | D:5      | Bought a scroll of identify for 26 gold pieces
  6688 | D:5      | Reached XP level 9. HP: 92/96 MP: 10/10
  6926 | D:6      | Noticed Blork the orc
  6955 | D:6      | Killed Blork the orc
  7582 | D:6      | Identified the +10 spear "Uxzonn" {vorpal, rElec}
  7736 | D:6      | Got the Volume of Transformation
  7745 | D:6      | Noticed Eustachio
  7772 | D:6      | Killed Eustachio
  7923 | D:6      | Noticed Sigmund
  7978 | D:5      | Reached * piety under Makhleb
  7995 | D:5      | Killed Sigmund
  7996 | D:5      | Reached skill level 9 in Fighting
  8816 | D:7      | Noticed Joseph
  8822 | D:7      | Killed Joseph
  8822 | D:7      | Reached ** piety under Makhleb
  8823 | D:7      | Reached XP level 10. HP: 79/109 MP: 13/13
  9655 | D:7      | Reached skill level 10 in Fighting
  9667 | D:7      | Noticed a manticore
  9904 | D:6      | Reached skill level 5 in Invocations
  9969 | D:7      | Killed a manticore
 10746 | D:8      | Noticed Maurice
 10750 | D:8      | Found Cicitoicko's Assorted Antiques.
 10783 | D:8      | Found a sand-covered staircase.
 10888 | Ossuary  | Entered an ossuary
 10912 | Ossuary  | Reached *** piety under Makhleb
 11213 | D:8      | HP: 5/111 [troll (15)]
 11216 | D:8      | Reached XP level 11. HP: 30/119 MP: 15/15
 11655 | D:8      | Killed Maurice
 11656 | D:8      | Reached skill level 11 in Fighting
 11745 | D:8      | Bought a scroll of identify for 50 gold pieces
 11812 | D:8      | Noticed a two-headed ogre
 11819 | D:8      | Killed a two-headed ogre
 11820 | D:8      | Reached skill level 1 in Armour
 12028 | D:9      | Found a flagged portal.
 12068 | Bailey   | Entered a bailey
 12084 | Bailey   | Reached **** piety under Makhleb
 12185 | Bailey   | Noticed an orc knight
 12316 | Bailey   | Killed an orc knight
 12480 | Bailey   | Reached ***** piety under Makhleb
 12512 | Bailey   | Noticed an orc warlord
 12565 | Bailey   | Killed an orc warlord
 12773 | Bailey   | Noticed an orc knight
 12866 | Bailey   | Killed an orc knight
 13027 | D:9      | Noticed Erolcha
 13071 | D:9      | Killed Erolcha
 13497 | D:9      | Found a shimmering blue altar of Sif Muna.
 13645 | D:10     | Entered Level 10 of the Dungeon
 13724 | D:10     | Paralysed by a hornet for 3 turns
 13911 | D:10     | Noticed a death yak
 13916 | D:10     | Noticed a death yak
 13919 | D:10     | Killed a death yak
 13920 | D:10     | Reached skill level 12 in Fighting
 13920 | D:10     | Reached skill level 1 in Evocations
 13920 | D:10     | Reached XP level 12. HP: 115/132 MP: 17/17
 13920 | D:10     | Found a staircase to the Lair.
 13920 | D:10     | Noticed a death yak
 13933 | D:10     | Killed a death yak
 13943 | D:10     | Killed a death yak
 13981 | D:10     | Noticed Urug
 14001 | D:10     | Killed Urug
 14079 | D:10     | Noticed Nergalle
 14094 | D:10     | Killed Nergalle
 14318 | D:10     | Got Koth's Collected Works on Excruciating Fire
 14596 | D:10     | Found a staircase to the Orcish Mines.
 14782 | D:11     | Found Lipleu's Antique Weapon Emporium.
 15341 | D:11     | Found an opulent altar of Gozag.
 15560 | Lair:1   | Entered Level 1 of the Lair of Beasts
 15561 | Lair:1   | Acquired a manual of Fighting
 15866 | Lair:1   | Reached skill level 13 in Fighting
 15952 | Lair:1   | Reached XP level 13. HP: 141/144 MP: 19/19
 17534 | Lair:3   | Reached skill level 5 in Armour
 17662 | Lair:3   | Reached skill level 14 in Fighting
 17669 | Lair:3   | Found a dark tunnel.
 17688 | Volcano  | Entered a volcano
 18737 | Lair:3   | Reached XP level 14. HP: 103/157 MP: 21/21
 18919 | Lair:3   | Reached skill level 10 in Shields
 19071 | Lair:3   | Slain by a hell rat

Illustrated notes

Levels and vault maps discovered:
D:1:      dpeg_arrival_court, layout_basic
D:2:      minmay_alternating_diamond, layout_loops_ring, serial_shops, shop,
          minmay_misc_feat_five, chequers_serial_rivers_micro_a,
          serial_bayou_lagoon_a, hangedman_abyss_or_decor_lesser_grid,
          st_stairs_4, grunt_decor_junction, minmay_pentomino_w4, uniq_robin,
          uniq_natasha
D:3:      layout_rooms, hellmonk_ecumenical_altar_leap_of_faith,
          gup_sewer_entry_bubbles, small_statue_intersection, hex_large
D:4:      layout_basic, gammafunk_ghost_mausoleum, kennysheep_small_circle,
          uniq_crazy_yiuf_cottage
D:5:      layout_cave_pools, temple_doors_e, serial_column_ruins,
          column_ruins_hut_pillars, column_ruins_hut, column_ruins_grid_1,
          column_ruins_open_tiny_water, column_ruins_open_tiny,
          column_ruins_corridor_straight, column_ruins_columns_straight,
          column_ruins_grid_1, column_ruins_grid_1, serial_shops, shop
D:6:      layout_basic, uniq_blork_the_orc, uniq_sigmund, uniq_eustachio
D:7:      nzn_winding_woodlands_three_and_one
          [nzn_winding_woodlands_5x15_zeroes,
          nzn_winding_woodlands_5x15_concentric,
          nzn_winding_woodlands_5x15_cabin,
          nzn_winding_woodlands_center_pierced_h], layout_layer_cave,
          uniq_joseph
D:8:      layout_rooms, serial_shops, shop_coins,
          nicolae_ossuary_entry_monument, minivault_21, uniq_maurice
D:9:      layout_rooms, tgw_sif, enter_bailey_2, item_on_display_a, uniq_erolcha
D:10:     layout_roguey, dpeg_lair_monsters, uniq_nergalle, uniq_urug
D:11:     minmay_statue_hallways, layout_long_grid, serial_shops, shop_statue,
          grunt_gozag_breadcrumbs
Temple:   mainiacjoe_temple_hex_bubbles
Lair:1:   layout_hall_layers
Lair:2:   layout_misc_corridors, kennysheep_rathole
Lair:3:   beast_lair_carwin_large_4, layout_hall_layers,
          nicolae_volcano_entry_lava_flow

Skill      XL: |  1  2  3  4  5  6  7  8  9 10 11 12 13 14 |
---------------+-------------------------------------------+-----
Maces & Flails | 2 3 4 5 6 7 8 9 |  9.7
Dodging        | 3 4 5 6 7 8 9 |  9.9
Shields        | 3 4 5 6 7 8 9 10 | 10.0
Fighting       | 5 6 7 8 9 10 12 13 14 | 14.8
Invocations    | 1 4 6 7 8 9 |  9.7
Armour         | 3 4 5 |  5.6
Evocations     | 1 3 4 |  4.7

Action                   |  1- 3 |  4- 6 |  7- 9 | 10-12 | 13-15 || total
-------------------------+-------+-------+-------+-------+-------++-------
Melee: Flail             |   103 |       |       |       |       ||   103
       Whip              |    14 |    76 |       |       |       ||    90
       Mace              |       |   100 |   278 |       |   396 ||   774
       Spear             |       |       |    24 |       |       ||    24
       Morningstar       |       |       |    10 |   653 |   213 ||   876
Throw: Dart              |       |       |     3 |       |       ||     3
Invok: Minor Destruction |       |       |       |    34 |       ||    34
       Lesser Servant of |       |       |       |    20 |     2 ||    22
  Use: Potion            |       |     1 |       |     2 |     1 ||     4
       Scroll            |       |       |     7 |     7 |     1 ||    15
 Stab: Sleeping          |       |       |     1 |       |       ||     1
       Distracted        |       |       |       |     2 |       ||     2
       Petrified         |       |       |       |       |     1 ||     1
Armor: Robe              |    44 |    70 |   152 |    56 |       ||   322
       Troll leather arm |       |       |       |   174 |   278 ||   452
Dodge: Dodged            |    55 |    53 |   147 |   323 |   270 ||   848
Block: Kite shield       |    66 |    60 |   158 |   349 |    45 ||   678
       Tower shield      |       |       |       |       |   609 ||   609

Table legend: (Time is in decaauts)
 A = Elapsed time spent in this place.
 B = Non-inter-level travel time spent in this place.
 C = Inter-level travel time spent in this place.
 D = Time resting spent in this place.
 E = Time spent auto-exploring this place.
 F = Levels seen in this place.
 G = Mean time per level.
                   A        B        C        D        E       F      G
               +--------+--------+--------+--------+--------+-----+--------+
         Total |  19530 |  19208 |    322 |   1804 |  11631 |  19 | 1027.9 |
       Dungeon |  14298 |  14068 |    230 |   1778 |   8688 |  11 | 1299.8 |
        Temple |    337 |    337 |      0 |      0 |    281 |   1 |  337.0 |
          Lair |   2716 |   2625 |     91 |      7 |   1681 |   3 |  905.3 |
         Sewer |    170 |    170 |      0 |      0 |    100 |   1 |  170.0 |
       Ossuary |    184 |    184 |      0 |      0 |    110 |   1 |  184.0 |
        Bailey |    951 |    951 |      0 |     19 |    360 |   1 |  951.0 |
       Volcano |    871 |    871 |      0 |      0 |    410 |   1 |  871.0 |
               +--------+--------+--------+--------+--------+-----+--------+

Top non-repeatable levels by time:
     D:7: 2264 daAuts
     D:1: 1778 daAuts
     D:4: 1704 daAuts
     D:2: 1531 daAuts
     D:6: 1496 daAuts
  Lair:1: 1200 daAuts
     D:8: 1115 daAuts
    D:10: 1047 daAuts
     D:5: 1002 daAuts
  Bailey: 951 daAuts
    D:11: 907 daAuts
 Volcano: 871 daAuts
  Lair:3: 804 daAuts
     D:3: 740 daAuts
  Lair:2: 711 daAuts
